 Dungeon Crawl Stone Soup version 0.30-a0-137-gd8773701ce (webtiles) character file.

Game seed: 6597126376444879507

74 porpoise the Poker (level 4, 0/34 HPs)
             Began as a Demonspawn Gladiator on Sept 24, 2022.
             Slain by an iguana (7 damage)
             ... on level 7 of the Dungeon.
             The game lasted 00:06:42 (2826 turns).

porpoise the Poker (Demonspawn Gladiator)           Turns: 2826, Time: 00:06:42

Health: 0/34       AC:  4    Str: 17    XL:     4   Next: 9%
Magic:  4/4        EV: 12    Int:  9    God:
Gold:   227        SH:  0    Dex: 14    Spells: 3/3 levels left

rFire   + . .      SeeInvis .    a - +0 trident
rCold   . . .      Faith    .    (no shield)
rNeg    . . .      Spirit   .    q - +0 leather armour
rPois   .          Reflect  .    c - +0 helmet
rElec   .          Harm     .    (no cloak)
rCorr   .          Rampage  .    (no gloves)
Will    .....                    (no boots)
Stlth   +.........               (no amulet)
HPRegen 0.11/turn                m - ring of protection from fire
MPRegen 0.09/turn                (no ring)

@: no status effects
A: demonic guardian 1, powered by pain 2
a: no special abilities


You were on level 7 of the Dungeon.
You visited 1 branch of the dungeon, and saw 5 of its levels.

You collected 227 gold pieces.

Inventory:

Hand Weapons
 a - a +0 trident (weapon)
 b - a +0 sling
Missiles
 d - 3 throwing nets (quivered)
 e - a javelin
 k - 13 poisoned darts
 l - 6 curare-tipped darts
Armour
 c - a +0 helmet (worn)
 q - a +0 leather armour (worn)
Jewellery
 m - a ring of protection from fire (left hand)
 x - a ring of ice
Scrolls
 g - 3 scrolls of identify {unknown}
 n - a scroll of poison {unknown}
 p - a scroll of vulnerability {unknown}
 r - a scroll of teleportation {unknown}
 s - a scroll of torment {unknown}
 t - 3 scrolls of amnesia {unknown}
Potions
 f - a potion of curing {unknown}
 h - a potion of attraction {unknown}
 i - 3 potions of haste {unknown}
 j - a potion of might {unknown}
 o - a potion of degeneration {unknown}
 u - a potion of lignification {unknown}
 v - a potion of magic {unknown}
 w - a potion of berserk rage {unknown}


   Skills:
 + Level 2.9 Fighting
 * Level 4.0 Polearms
 - Level 1.7 Throwing
 - Level 2.6 Dodging


You had 3 spell levels left.
You didn't know any spells.
Your spell library contained the following spells:

 Spells                   Type           Power      Damage    Failure   Level
 Summon Small Mammal      Summ           0%         N/A       45%         1
 Call Canine Familiar     Summ           0%         N/A       83%         3
 Gell's Gravitas          Tloc           0%         N/A       83%         3
 Lesser Beckoning         Tloc           0%         N/A       83%         3
 Summon Guardian Golem    Hex/Summ       0%         N/A       83%         3
 Teleport Other           Tloc           0%         N/A       83%         3


Dungeon Overview and Level Annotations

Branches:
Dungeon (4/15)
 Temple: D:4-7

Altars:

Annotations:
D:3 3 runed translucent doors, juncz's ghost, amateur DjCj


Innate Abilities, Weirdness & Mutations

A weak demonic guardian rushes to your aid.
You sometimes gain power by taking damage.


Message History

The iguana bites you.
You barely miss the iguana.
The iguana is moderately wounded.
The iguana bites you but does no damage.
You hit the iguana.
The iguana is heavily wounded.
The iguana bites you.
You hit the iguana.
The iguana is heavily wounded.
The iguana bites you.
You hit the iguana but do no damage.
The iguana is heavily wounded.
The iguana completely misses you. The iguana closely misses you.
You closely miss the iguana.
The iguana is heavily wounded.
The iguana closely misses you.
You barely miss the iguana.
The iguana is heavily wounded.
The iguana misses you.
You barely miss the iguana.
The iguana is heavily wounded.
The iguana completely misses you.
You hit the iguana.
The iguana is severely wounded.
The iguana barely misses you.
You hit the iguana but do no damage.
The iguana is severely wounded.
The iguana bites you.
You hit the iguana but do no damage.
The iguana is severely wounded.
The iguana closely misses you.
You hit the iguana but do no damage.
The iguana is severely wounded.
The iguana bites you!
* * * LOW HITPOINT WARNING * * *
A demonic guardian appears!
You hit the iguana.
The iguana is almost dead.
The iguana bites you!
You die...

. ### .##
##+##..###..
#..........
#.........
.......
#.l5#
###@##..##
#........#
#........+
#...##...#
#...# ...#
#.... ..).
#..... ...
#...### ...
##+##


You could see an iguana (ally target) and a friendly white imp (summoned).

Vanquished Creatures
  2 adders
  An ufetubus (D:4)
  A worm (D:2)
  4 endoplasms
  2 giant cockroaches (D:1)
  8 goblins
  7 hobgoblins
  5 kobolds
  3 quokkas
  4 ball pythons
  2 bats
  4 frilled lizards
  2 rats (D:2)
45 creatures vanquished.

Notes
Turn   | Place    | Note
-------+----------+-------------------------------------------
     0 | D:1      | porpoise the Demonspawn Gladiator began the quest for the
                  | Orb.
     0 | D:1      | Reached XP level 1. HP: 16/16 MP: 1/1
   172 | D:1      | Reached skill level 3 in Polearms
   175 | D:1      | Gained mutation: A weak demonic guardian rushes to your
                  | aid. [demonic ancestry]
   175 | D:1      | Reached XP level 2. HP: 22/22 MP: 2/2
   298 | D:1      | Found a faded altar of an unknown god.
  1246 | D:2      | Gained mutation: You sometimes gain a little power by
                  | taking damage. [demonic ancestry]
  1246 | D:2      | Reached XP level 3. HP: 26/28 MP: 3/3
  2056 | D:3      | Found a runed translucent gate.
  2056 | D:3      | Found a runed translucent gate.
  2056 | D:3      | Found a runed translucent gate.
  2057 | D:3      | Noticed juncz's ghost (amateur DjCj)
  2303 | D:3      | Reached skill level 4 in Polearms
  2691 | D:4      | Gained mutation: You sometimes gain power by taking damage.
                  | [demonic ancestry]
  2691 | D:4      | Reached XP level 4. HP: 29/34 MP: 4/4
  2804 | D:4      | You fall into a shaft and drop 3 floors!
  2826 | D:7      | Slain by an iguana

Illustrated notes

Levels and vault maps discovered:
D:1:      lightli_arrival_quake, layout_rooms,
          dilly_ecumenical_altar_fadedgnrine, minmay_misc_feat_encased
D:2:      layout_loops_cross
D:3:      wander_river, layout_loops_cross, gammafunk_ghost_necromancy
D:4:      layout_cave_pools, minmay_temple_entry_slanted, serial_shops, shop,
          shop, nicolae_shop_stone, biasface_ghost_orc_armoury
D:7:      layout_gridville, mainiacjoe_overflow_six_doors_small,
          nicolae_shop_vocational, uniq_joseph, uniq_prince_ribbit1

Skill      XL: |  1  2  3 |
---------------+----------+-----
Polearms       | 3 4 |  4.0
Fighting       | |  2.9
Throwing       | |  1.7
Dodging        | |  2.6

Action                   |  1- 3 |  4- 6 || total
-------------------------+-------+-------++-------
Melee: Trident           |   133 |    32 ||   165
Armor: Leather armour    |    22 |     2 ||    24
Dodge: Dodged            |    70 |    18 ||    88

Table legend: (Time is in decaauts)
 A = Elapsed time spent in this place.
 B = Non-inter-level travel time spent in this place.
 C = Inter-level travel time spent in this place.
 D = Time resting spent in this place.
 E = Time spent auto-exploring this place.
 F = Levels seen in this place.
 G = Mean time per level.
                   A        B        C        D        E       F      G
               +--------+--------+--------+--------+--------+-----+--------+
         Total |   2863 |   2802 |     61 |    860 |   1420 |   5 |  572.6 |
       Dungeon |   2863 |   2802 |     61 |    860 |   1420 |   5 |  572.6 |
               +--------+--------+--------+--------+--------+-----+--------+

Top non-repeatable levels by time:
     D:2: 1234 daAuts
     D:1: 767 daAuts
     D:3: 714 daAuts
     D:4: 122 daAuts
     D:7: 23 daAuts
